[Event "Cracovia Festival-A 2023"]
[Site "Krakow"]
[Date "2023.12.29"]
[Round "3.3"]
[White "Keinanen, Toivo"]
[Black "Bogdanov, Egor"]
[Result "1-0"]
[ECO "A15"]
[WhiteElo "2522"]
[BlackElo "2394"]
[Annotator "ChessBase"]
[PlyCount "97"]
[EventDate "2023.12.24"]
[EventType "swiss"]
[EventCountry "POL"]
[SourceTitle "playchess.com"]
[Source "ChessBase"]
[SourceQuality "1"]
[TimeControl "40/5400+30:1800+30"]

1. c4 Nf6 2. Nf3 e6 3. g3 d5 4. Bg2 d4 5. d3 c5 6. e4 dxe3 7. Bxe3 Nc6 8. d4 cxd4 9. Nxd4 Nxd4 10. Qxd4 Bb4+ 11. Nc3 O-O 12. O-O Qe7 13. c5 Bxc3 14. Qxc3 Nd5 15. Qb3 Nxe3 16. Qxe3 Rb8 17. Rad1 Bd7 18. Rd6 Bc6 19. Rfd1 Bxg2 20. Kxg2 Rbc8 21. b4 Rc7 22. Qd4 g6 23. Rd7 Rxd7 24. Qxd7 Re8 25. h4 Kf8 26. Qa4 Rd8 27. Rxd8+ Qxd8 28. Qxa7 Qd5+ 29. Kh2 Kg7 30. Qa3 Qd4 31. Kg1 Qd1+ 32. Kg2 Qd4 33. b5 e5 34. Qc1 Qd5+ 35. Kg1 e4 36. a4 f6 37. a5 h5 38. a6 bxa6 39. bxa6 Qa2 40. c6 Qxa6 41. c7 Qc8 42. Qc5 Kf7 43. Qd5+ Ke7 44. Qxe4+ Kd7 45. Qxg6 Qxc7 46. Qf7+ Kc8 47. Qxc7+ Kxc7 48. g4 Kd6 49. gxh5 1-0

[Event "Cracovia Festival-A 2023"]
[Site "Krakow"]
[Date "2023.12.29"]
[Round "3.4"]
[White "Janik, Igor"]
[Black "Sieciechowicz, Marcin"]
[Result "1/2-1/2"]
[ECO "B10"]
[WhiteElo "2514"]
[BlackElo "2391"]
[Annotator "ChessBase"]
[PlyCount "29"]
[EventDate "2023.12.24"]
[EventType "swiss"]
[EventCountry "POL"]
[SourceTitle "playchess.com"]
[Source "ChessBase"]
[SourceQuality "1"]
[TimeControl "40/5400+30:1800+30"]

1. c4 c6 2. e4 d5 3. exd5 cxd5 4. cxd5 Nf6 5. Qa4+ Nbd7 6. Nc3 g6 7. Bc4 Bg7 8. d3 O-O 9. Nf3 a6 10. Qa3 Nb6 11. Qb3 Nxc4 12. dxc4 b5 13. O-O bxc4 14. Qxc4 e6 15. dxe6 1/2-1/2

[Event "Cracovia Festival-A 2023"]
[Site "Krakow"]
[Date "2023.12.29"]
[Round "3.5"]
[White "Akhvlediani, Irakli"]
[Black "Akbas, Umut Ata"]
[Result "1/2-1/2"]
[ECO "A13"]
[WhiteElo "2359"]
[BlackElo "2446"]
[Annotator "ChessBase"]
[PlyCount "74"]
[EventDate "2023.12.24"]
[EventType "swiss"]
[EventCountry "POL"]
[SourceTitle "playchess.com"]
[Source "ChessBase"]
[SourceQuality "1"]
[TimeControl "40/5400+30:1800+30"]

1. c4 e6 2. Nc3 d5 3. d4 Bb4 4. cxd5 exd5 5. Bf4 Nf6 6. e3 O-O 7. Bd3 Re8 8. Nge2 Nh5 9. Qa4 Nxf4 10. Nxf4 Bd6 11. Nfe2 c6 12. Qc2 h6 13. O-O Qh4 14. Ng3 Nd7 15. Rfe1 Nf6 16. Nf1 Bd7 17. f3 Re7 18. Qf2 Qxf2+ 19. Kxf2 Rae8 20. Rac1 g6 21. a3 Kg7 22. Re2 h5 23. h4 Kh6 24. Nd2 Rg8 25. e4 dxe4 26. Ndxe4 Nxe4+ 27. Nxe4 Bf4 28. Rce1 Rge8 29. Nc5 Rxe2+ 30. Rxe2 Rxe2+ 31. Bxe2 Bc8 32. Bc4 Kg7 33. Nd3 Bd6 34. f4 Bf5 35. Ke3 Kf6 36. Ne5 Be6 37. Bxe6 Kxe6 1/2-1/2

[Event "Cracovia Festival-A 2023"]
[Site "Krakow"]
[Date "2023.12.29"]
[Round "3.6"]
[White "Soffer, Ram"]
[Black "Kulkarni Bhakti"]
[Result "1-0"]
[ECO "A80"]
[WhiteElo "2444"]
[BlackElo "2364"]
[Annotator "ChessBase"]
[PlyCount "47"]
[EventDate "2023.12.24"]
[EventType "swiss"]
[EventCountry "POL"]
[SourceTitle "playchess.com"]
[Source "ChessBase"]
[SourceQuality "1"]
[TimeControl "40/5400+30:1800+30"]

1. d4 f5 2. Bg5 g6 3. Nc3 Bg7 4. Nf3 Nf6 5. e3 d6 6. Bd3 h6 7. Bxf6 Bxf6 8. e4 e6 9. Qe2 Qe7 10. O-O-O O-O 11. e5 Bg7 12. Rhg1 Qf7 13. g4 Nc6 14. gxf5 gxf5 15. Rg3 Kh8 16. Rdg1 Rg8 17. Qe3 Bd7 18. Ne2 Ne7 19. Nf4 d5 20. Ng5 Qe8 21. Ngxe6 Bxe6 22. Nxe6 Bf8 23. Rxg8+ Nxg8 24. Nxc7 1-0

[Event "Cracovia Festival-A 2023"]
[Site "Krakow"]
[Date "2023.12.29"]
[Round "3.7"]
[White "Sernecki, Franciszek"]
[Black "Kozak, Antoni"]
[Result "1-0"]
[ECO "E10"]
[WhiteElo "2325"]
[BlackElo "2442"]
[Annotator "ChessBase"]
[PlyCount "99"]
[EventDate "2023.12.24"]
[EventType "swiss"]
[EventCountry "POL"]
[SourceTitle "playchess.com"]
[Source "ChessBase"]
[SourceQuality "1"]
[TimeControl "40/5400+30:1800+30"]

1. d4 Nf6 2. c4 e6 3. Nf3 d5 4. g3 Bb4+ 5. Bd2 Be7 6. Bg2 Ne4 7. O-O c6 8. Qc2 Nd7 9. Bf4 f5 10. Nbd2 g5 11. Be3 Nd6 12. Ne5 Nxe5 13. dxe5 Nf7 14. f4 h5 15. cxd5 cxd5 16. Rad1 h4 17. Bf2 hxg3 18. hxg3 gxf4 19. gxf4 Bd7 20. Qb3 Bc6 21. e4 fxe4 22. Nxe4 Qa5 23. Nf6+ Bxf6 24. exf6 O-O-O 25. Rc1 Rdg8 26. Qe3 Kb8 27. Qxe6 d4 28. Rxc6 Qh5 29. Rc8+ Rxc8 30. Bg3 Ka8 31. f5 Rb8 32. Rc1 Nd8 33. Qd6 Nc6 34. Bxc6 Qg5 35. Re1 Rhg8 36. f7 Qxg3+ 37. Qxg3 Rxg3+ 38. Kf2 Rh3 39. Be8 Rh8 40. f6 d3 41. Rd1 Rd8 42. Ke3 Rd6 43. Rxd3 Re6+ 44. Kf4 Kb8 45. Kf5 Re2 46. Rh3 Rf8 47. Rg3 Rf2+ 48. Kg6 Ka8 49. Kg7 Rxe8 50. fxe8=R# 1-0

[Event "Cracovia Festival-A 2023"]
[Site "Krakow"]
[Date "2023.12.29"]
[Round "3.8"]
[White "Polak, Tomas"]
[Black "Anwesh, Upadhyaya"]
[Result "1-0"]
[ECO "D45"]
[WhiteElo "2517"]
[BlackElo "2350"]
[Annotator "ChessBase"]
[PlyCount "114"]
[EventDate "2023.12.24"]
[EventType "swiss"]
[EventCountry "POL"]
[SourceTitle "playchess.com"]
[Source "ChessBase"]
[SourceQuality "1"]
[TimeControl "40/5400+30:1800+30"]

1. d4 d5 2. c4 c6 3. Nc3 Nf6 4. e3 e6 5. Nf3 Nbd7 6. Qc2 Bd6 7. b3 O-O 8. Be2 b6 9. O-O Bb7 10. Bb2 Qe7 11. Rad1 Rad8 12. Rfe1 Rfe8 13. h3 h6 14. e4 dxe4 15. Nxe4 Nxe4 16. Qxe4 f5 17. Qc2 c5 18. d5 exd5 19. cxd5 Qf7 20. Bc4 Rxe1+ 21. Rxe1 b5 22. Bxb5 Bxd5 23. Rd1 Nb6 24. Ne5 Qe6 25. Qc3 Bf8 26. Be2 Qe8 27. Rd3 Be4 28. Rxd8 Qxd8 29. f3 Bb1 30. a4 f4 31. a5 Nc8 32. Qc1 Bf5 33. Qxf4 Nd6 34. Bc4+ Nxc4 35. Qxc4+ Kh7 36. Qf7 Qf6 37. Qxa7 Be6 38. Nd7 Qf7 39. Nxf8+ Qxf8 40. Qb7 Qf7 41. Qxf7 Bxf7 42. a6 Bxb3 43. Ba3 h5 44. Bxc5 Kg8 45. Kf2 Kf7 46. Kg3 g5 47. Be3 Kg6 48. Kf2 Bc4 49. a7 Bd5 50. Bb6 Bb7 51. Bd8 Ba8 52. g4 Bb7 53. Kg3 Ba8 54. gxh5+ Kxh5 55. f4 gxf4+ 56. Kxf4 Kg6 57. Ke5 Kf7 1-0

[Event "Cracovia Festival-A 2023"]
[Site "Krakow"]
[Date "2023.12.29"]
[Round "3.9"]
[White "Damia, Angelo"]
[Black "Golubka, Petro"]
[Result "1/2-1/2"]
[ECO "C15"]
[WhiteElo "2251"]
[BlackElo "2440"]
[Annotator "ChessBase"]
[PlyCount "128"]
[EventDate "2023.12.24"]
[EventType "swiss"]
[EventCountry "POL"]
[SourceTitle "playchess.com"]
[Source "ChessBase"]
[SourceQuality "1"]
[TimeControl "40/5400+30:1800+30"]

1. e4 e6 2. d4 d5 3. Nc3 Bb4 4. exd5 exd5 5. Bd3 Nc6 6. Nge2 Bg4 7. f3 Bh5 8. Nf4 Bg6 9. a3 Bxc3+ 10. bxc3 Bxd3 11. cxd3 Qd7 12. Qe2+ Nge7 13. O-O h5 14. a4 g5 15. Nh3 f6 16. Ba3 O-O-O 17. Rae1 Nf5 18. Qe6 Rh6 19. Rf2 Ng7 20. Qxd7+ Kxd7 21. Rfe2 Re8 22. Rxe8 Nxe8 23. Nf2 f5 24. Bc1 Rg6 25. Nh3 f4 26. g3 Nd6 27. gxf4 g4 28. Ng5 b5 29. axb5 Nxb5 30. Bd2 Nd6 31. Kf2 a5 32. fxg4 hxg4 33. Kg3 Rh6 34. Re2 a4 35. Kxg4 a3 36. h4 Ne7 37. Bc1 Nb5 38. c4 Nc3 39. Rxe7+ Kxe7 40. Bxa3+ Ke8 41. f5 Nd1 42. Ne6 c6 43. Kg5 Rh8 44. cxd5 cxd5 45. Kg6 Rxh4 46. Ng7+ Kd7 47. f6 Rg4+ 48. Kf5 Ne3+ 49. Ke5 Rg5+ 50. Kf4 Rg6 51. Kxe3 Rxf6 52. Nh5 Rf5 53. Ng3 Rf6 54. Bc5 Rf7 55. Nh5 Rf1 56. Nf4 Kc6 57. Ng6 Kd7 58. Ke2 Rf6 59. Ne7 Ke6 60. Kd2 Rf1 61. Kc2 Rg1 62. Kb3 Rg3 63. Kb4 Rxd3 64. Kb5 Rxd4 1/2-1/2

[Event "Cracovia Festival-A 2023"]
[Site "Krakow"]
[Date "2023.12.29"]
[Round "3.10"]
[White "Sofronie, Iulian"]
[Black "Janeczko, Jakub"]
[Result "0-1"]
[ECO "A45"]
[WhiteElo "2438"]
[BlackElo "2283"]
[Annotator "ChessBase"]
[PlyCount "72"]
[EventDate "2023.12.24"]
[EventType "swiss"]
[EventCountry "POL"]
[SourceTitle "playchess.com"]
[Source "ChessBase"]
[SourceQuality "1"]
[TimeControl "40/5400+30:1800+30"]

1. d4 Nf6 2. Bf4 e6 3. e3 c5 4. c3 Nc6 5. Nd2 d5 6. Ngf3 cxd4 7. exd4 Nh5 8. Be3 Bd6 9. Ne5 Nf6 10. f4 Qb6 11. Qb3 Ng8 12. Be2 Nh6 13. Bf2 f6 14. Nd3 Qc7 15. g3 Nf5 16. g4 Nfe7 17. Bg3 b6 18. Rf1 Bd7 19. Rf3 h5 20. gxh5 Nf5 21. Bf2 Rxh5 22. Nf1 Rh7 23. a4 Kf7 24. Qd1 Rah8 25. Rc1 Na5 26. Qc2 Rxh2 27. Nxh2 Rxh2 28. b3 Ba3 29. Rb1 Nb7 30. b4 Nbd6 31. Qb3 Nc4 32. Bf1 Rh1 33. Ke2 Nfd6 34. Rh3 Rxh3 35. Bxh3 Ne4 36. Rg1 Bxa4 0-1

[Event "Cracovia Festival-A 2023"]
[Site "Krakow"]
[Date "2023.12.29"]
[Round "3.11"]
[White "Pacan-Milej, Kosma"]
[Black "Cieslak, Patryk"]
[Result "0-1"]
[ECO "E52"]
[WhiteElo "2425"]
[BlackElo "2284"]
[Annotator "ChessBase"]
[PlyCount "88"]
[EventDate "2023.12.24"]
[EventType "swiss"]
[EventCountry "POL"]
[SourceTitle "playchess.com"]
[Source "ChessBase"]
[SourceQuality "1"]
[TimeControl "40/5400+30:1800+30"]

1. d4 Nf6 2. c4 e6 3. Nc3 Bb4 4. e3 O-O 5. Bd3 d5 6. Nf3 b6 7. O-O Ba6 8. cxd5 exd5 9. Bxa6 Nxa6 10. Bd2 Re8 11. Rc1 Bf8 12. Ne5 c5 13. f4 Nc7 14. Be1 Ne4 15. Qh5 g6 16. Qh3 f6 17. Bh4 Be7 18. Nxe4 fxe5 19. Ng5 exd4 20. exd4 c4 21. Rce1 Qc8 22. f5 Bxg5 23. Bxg5 Rxe1 24. Rxe1 Qxf5 25. Qxf5 gxf5 26. Re7 Nb5 27. Bf6 h6 28. Be5 a5 29. Rg7+ Kf8 30. Rh7 Ra6 31. a4 c3 32. bxc3 Nxc3 33. Rxh6 Nxa4 34. h4 Nb2 35. h5 Nc4 36. Rf6+ Kg8 37. h6 Kh7 38. Bf4 Ra7 39. Rxf5 a4 40. Bc1 a3 41. Bxa3 Nxa3 42. Rxd5 b5 43. Rd6 Rb7 44. Ra6 b4 0-1

[Event "Cracovia Festival-A 2023"]
[Site "Krakow"]
[Date "2023.12.29"]
[Round "3.12"]
[White "Baumegger, Siegfried"]
[Black "Klepek, Witold"]
[Result "1-0"]
[ECO "D02"]
[WhiteElo "2388"]
[BlackElo "2252"]
[Annotator "ChessBase"]
[PlyCount "155"]
[EventDate "2023.12.24"]
[EventType "swiss"]
[EventCountry "POL"]
[SourceTitle "playchess.com"]
[Source "ChessBase"]
[SourceQuality "1"]
[TimeControl "40/5400+30:1800+30"]

1. Nf3 d5 2. d4 Nf6 3. c4 e6 4. g3 Bb4+ 5. Bd2 a5 6. Bg2 O-O 7. O-O Nc6 8. Qc2 dxc4 9. Qxc4 Qd5 10. Rc1 Rd8 11. Qxd5 exd5 12. Bf4 Ne8 13. Nc3 f6 14. Nb5 Rd7 15. h4 a4 16. a3 Bd6 17. e3 Bxf4 18. gxf4 Na5 19. Nd2 c6 20. Nc3 b5 21. Na2 Nd6 22. Rxc6 Nxc6 23. Bxd5+ Rf7 24. Bxc6 Bb7 25. d5 Kf8 26. Nb4 Nf5 27. Nf3 Bxc6 28. dxc6 Ke7 29. Rc1 Rd8 30. Rc5 Rd1+ 31. Kg2 Nd6 32. Nd4 Rd2 33. Nd5+ Kd8 34. Nxb5 Ne4 35. c7+ Rxc7 36. Rxc7 Rxd5 37. Rc4 Nxf2 38. Nd4 Nd1 39. Rxa4 Nxe3+ 40. Kf3 Nd1 41. Ke4 Rd7 42. Rb4 Ke7 43. a4 Kd6 44. Nf5+ Kc5 45. Rb5+ Kc4 46. Ne3+ Nxe3 47. Kxe3 g6 48. b3+ Kc3 49. a5 Rd3+ 50. Ke2 Rd2+ 51. Ke1 Ra2 52. b4 Kd3 53. Rb6 f5 54. a6 Ke3 55. Re6+ Kxf4 56. b5 Ra5 57. Re8 Kg3 58. b6 Rxa6 59. b7 Ra1+ 60. Kd2 Rb1 61. b8=Q+ Rxb8 62. Rxb8 Kxh4 63. Ke2 Kg4 64. Kf2 h5 65. Rb4+ f4 66. Rb6 g5 67. Rg6 h4 68. Rg8 Kf5 69. Kf3 h3 70. Rf8+ Ke5 71. Rh8 Kf5 72. Rh5 h2 73. Rxh2 g4+ 74. Kg2 Ke4 75. Rh8 Ke3 76. Re8+ Kd2 77. Kf2 Kd3 78. Rg8 1-0

[Event "Cracovia Festival-A 2023"]
[Site "Krakow"]
[Date "2023.12.29"]
[Round "3.13"]
[White "Karolczuk, Iwo"]
[Black "Balint, Peter"]
[Result "0-1"]
[ECO "C77"]
[WhiteElo "2365"]
[BlackElo "2187"]
[Annotator "ChessBase"]
[PlyCount "144"]
[EventDate "2023.12.24"]
[EventType "swiss"]
[EventCountry "POL"]
[SourceTitle "playchess.com"]
[Source "ChessBase"]
[SourceQuality "1"]
[TimeControl "40/5400+30:1800+30"]

1. e4 e5 2. Nf3 Nc6 3. Bb5 a6 4. Ba4 Nf6 5. d3 d6 6. c3 g6 7. O-O Bg7 8. h3 O-O 9. Re1 h6 10. Nbd2 b5 11. Bb3 Na5 12. Bc2 c5 13. Nf1 Re8 14. Ng3 Bb7 15. Be3 Qe7 16. b4 Nc6 17. Qd2 Kh7 18. a4 cxb4 19. cxb4 Nd7 20. Bb3 Qf8 21. Rac1 Rac8 22. axb5 axb5 23. Bd5 Nf6 24. Ba2 Ra8 25. Bb3 Ra3 26. Rb1 Rea8 27. Ne2 Nd7 28. Nc3 f5 29. Be6 f4 30. Bxd7 fxe3 31. fxe3 Qe7 32. Bxc6 Bxc6 33. Rec1 h5 34. Nd1 Bb7 35. Rc2 d5 36. exd5 Bxd5 37. e4 Bh6 38. Qf2 Bb3 39. Rc5 Ra1 40. Nc3 Rxb1+ 41. Nxb1 Ra2 42. Nbd2 Qa7 43. h4 Bf4 44. g3 Bd1 45. Ng5+ Bxg5 46. hxg5 Bf3 47. Qe3 Ra1+ 48. Kf2 Bg4 49. Rxe5 Qf7+ 50. Qf4 Qxf4+ 51. gxf4 Ra2 52. Ke3 h4 53. f5 h3 54. Re7+ Kg8 55. fxg6 Rb2 56. Rh7 Rxb4 57. Rh4 Bc8 58. Nf3 Rb1 59. Nd4 b4 60. Nf5 b3 61. Kd2 Bxf5 62. exf5 h2 63. Kc3 h1=Q 64. Rxh1 Rxh1 65. Kxb3 Kg7 66. Kc4 Rf1 67. d4 Rxf5 68. d5 Kxg6 69. d6 Kxg5 70. d7 Rf8 71. Kd5 Kf6 72. Kd6 Rd8 0-1

[Event "Cracovia Festival-A 2023"]
[Site "Krakow"]
[Date "2023.12.29"]
[Round "3.14"]
[White "Kucza, Karol"]
[Black "Podolskyi, Mykhailo"]
[Result "0-1"]
[ECO "B40"]
[WhiteElo "2343"]
[BlackElo "2177"]
[Annotator "ChessBase"]
[PlyCount "102"]
[EventDate "2023.12.24"]
[EventType "swiss"]
[EventCountry "POL"]
[SourceTitle "playchess.com"]
[Source "ChessBase"]
[SourceQuality "1"]
[TimeControl "40/5400+30:1800+30"]

1. e4 c5 2. Nf3 e6 3. d4 cxd4 4. Nxd4 Nf6 5. Nc3 Nc6 6. Ndb5 Bc5 7. Bf4 O-O 8. Bc7 Qe7 9. Bd6 Bxd6 10. Qxd6 Qd8 11. O-O-O a6 12. Nd4 Qb6 13. Nxc6 bxc6 14. f3 Ne8 15. Qd4 Qxd4 16. Rxd4 d5 17. Na4 Nf6 18. Nb6 Rb8 19. Nxc8 Rfxc8 20. Bxa6 Rc7 21. exd5 cxd5 22. Be2 e5 23. Ra4 Rbc8 24. Bd1 Nd7 25. Ra5 d4 26. Re1 f6 27. Rb5 Nc5 28. Kd2 Ne6 29. g3 g5 30. a4 Kf7 31. a5 Ke7 32. Rb6 Nc5 33. b3 Nd7 34. Rb5 Kd6 35. f4 Kc6 36. Rb4 Kd6 37. fxe5+ fxe5 38. Rf1 Nc5 39. Rf6+ Ke7 40. Rh6 Ne4+ 41. Ke1 Nf6 42. Rb6 Rc6 43. Rb7+ R6c7 44. Rb6 Rc6 45. Bg4 Rxb6 46. Bxc8 Rc6 47. Bf5 e4 48. Kd2 Rc5 49. g4 Rxa5 50. h4 Rxf5 51. gxf5 g4 0-1

[Event "Cracovia Festival-A 2023"]
[Site "Krakow"]
[Date "2023.12.29"]
[Round "3.15"]
[White "Fishchuk, Vladyslav"]
[Black "Steindl, Johannes"]
[Result "1/2-1/2"]
[ECO "E15"]
[WhiteElo "2198"]
[BlackElo "2334"]
[Annotator "ChessBase"]
[PlyCount "34"]
[EventDate "2023.12.24"]
[EventType "swiss"]
[EventCountry "POL"]
[SourceTitle "playchess.com"]
[Source "ChessBase"]
[SourceQuality "1"]
[TimeControl "40/5400+30:1800+30"]

1. d4 Nf6 2. c4 e6 3. Nf3 b6 4. g3 Ba6 5. Nbd2 Bb7 6. Bg2 Be7 7. O-O O-O 8. Qc2 d5 9. Rd1 Nbd7 10. b3 Rc8 11. Bb2 c5 12. Rac1 dxc4 13. Qxc4 cxd4 14. Qxd4 Bc5 15. Qh4 Qe7 16. Ne5 Nxe5 17. Bxe5 Bxg2 1/2-1/2

[Event "Cracovia Festival-A 2023"]
[Site "Krakow"]
[Date "2023.12.29"]
[Round "3.16"]
[White "Janzelj, Tim"]
[Black "Nemsadze, Daviti"]
[Result "0-1"]
[ECO "E20"]
[WhiteElo "2441"]
[BlackElo "2253"]
[Annotator "ChessBase"]
[PlyCount "120"]
[EventDate "2023.12.24"]
[EventType "swiss"]
[EventCountry "POL"]
[SourceTitle "playchess.com"]
[Source "ChessBase"]
[SourceQuality "1"]
[TimeControl "40/5400+30:1800+30"]

1. d4 Nf6 2. c4 e6 3. Nc3 Bb4 4. Bd2 b6 5. Nf3 Bb7 6. e3 Bxc3 7. Bxc3 Ne4 8. Bb4 c5 9. Ba3 a5 10. Nd2 Na6 11. b3 Qf6 12. Nxe4 Bxe4 13. f3 Bg6 14. Bb2 Nb4 15. Kf2 O-O 16. Qd2 Qe7 17. h4 h5 18. a3 Na6 19. Rd1 d6 20. Qc3 e5 21. dxe5 dxe5 22. Bd3 Bxd3 23. Rxd3 Rfd8 24. Rd5 f6 25. Rhd1 Nc7 26. R5d3 Ne6 27. Qc2 Rxd3 28. Rxd3 Rd8 29. Ke2 Rxd3 30. Qxd3 Nf8 31. Qd5+ Qe6 32. Kd3 Kf7 33. Kc3 Ng6 34. Qb7+ Ne7 35. Qc7 Qc6 36. Qd8 Nf5 37. Qh8 Nxe3 38. Qxh5+ Kg8 39. Bc1 Nxg2 40. Bd2 Qd7 41. Kc2 a4 42. b4 Qe6 43. Kc3 cxb4+ 44. axb4 a3 45. Qg4 Qxg4 46. fxg4 a2 47. Kb2 Kf7 48. h5 e4 49. g5 fxg5 50. Bxg5 e3 51. Kxa2 e2 52. Bd2 e1=Q 53. Bxe1 Nxe1 54. Kb3 Ke6 55. Ka4 Kd7 56. Kb5 Kc7 57. Ka6 Nd3 58. b5 Nc5+ 59. Ka7 Nb7 60. Ka6 Nd6 0-1

[Event "Cracovia Festival-A 2023"]
[Site "Krakow"]
[Date "2023.12.29"]
[Round "3.17"]
[White "Dziewonski, Dariusz"]
[Black "Pajeken, Jakob Leon"]
[Result "0-1"]
[ECO "B51"]
[WhiteElo "2224"]
[BlackElo "2428"]
[Annotator "ChessBase"]
[PlyCount "126"]
[EventDate "2023.12.24"]
[EventType "swiss"]
[EventCountry "POL"]
[SourceTitle "playchess.com"]
[Source "ChessBase"]
[SourceQuality "1"]
[TimeControl "40/5400+30:1800+30"]

1. e4 c5 2. Nf3 d6 3. Bb5+ Nd7 4. d4 cxd4 5. Qxd4 a6 6. Bxd7+ Bxd7 7. c4 Nf6 8. Bg5 e6 9. Nc3 Bc6 10. O-O Be7 11. a4 h6 12. Bh4 O-O 13. Rfd1 Qa5 14. h3 Rfd8 15. Qe3 Rac8 16. Nd5 Bxd5 17. exd5 e5 18. b3 Rd7 19. Qd2 Qxd2 20. Nxd2 g5 21. Bg3 Nh5 22. Bh2 Nf4 23. Bxf4 exf4 24. Rac1 a5 25. Nf3 Bf6 26. Kf1 Kg7 27. Nd4 Bxd4 28. Rxd4 Re7 29. Re1 Rce8 30. Rxe7 Rxe7 31. Rd2 f5 32. b4 axb4 33. Rb2 Kf6 34. Rxb4 Ke5 35. Ke2 Kd4+ 36. Kd2 g4 37. c5+ Kxc5 38. Rxf4 gxh3 39. gxh3 Rf7 40. Kd3 Kxd5 41. Rh4 Rh7 42. Rb4 Ke5 43. Ke3 Re7 44. Rh4 Re6 45. Rb4 Kd5+ 46. Kd3 Re4 47. Rb5+ Ke6 48. a5 Re5 49. Rxb7 Rxa5 50. Rb3 Ra4 51. Ke2 Ke5 52. Kf3 h5 53. Rb5+ d5 54. Rb8 Ra3+ 55. Kg2 d4 56. Re8+ Kf4 57. Rd8 d3 58. Rd4+ Ke5 59. Rd8 Ke4 60. Re8+ Kd4 61. Rd8+ Kc3 62. Rc8+ Kd2 63. Rc5 Rc3 0-1

[Event "Cracovia Festival-A 2023"]
[Site "Krakow"]
[Date "2023.12.29"]
[Round "3.19"]
[White "Cukrowski, Filip"]
[Black "Piekielny, Pawel"]
[Result "1-0"]
[ECO "E06"]
[WhiteElo "2402"]
[BlackElo "2250"]
[Annotator "ChessBase"]
[PlyCount "113"]
[EventDate "2023.12.24"]
[EventType "swiss"]
[EventCountry "POL"]
[SourceTitle "playchess.com"]
[Source "ChessBase"]
[SourceQuality "1"]
[TimeControl "40/5400+30:1800+30"]

1. d4 Nf6 2. c4 e6 3. g3 d5 4. Bg2 Be7 5. Nf3 O-O 6. O-O dxc4 7. Ne5 Nc6 8. Nxc6 bxc6 9. e3 Bd7 10. Nd2 Rb8 11. Nxc4 c5 12. dxc5 Bb5 13. Qc2 Bxc5 14. Rd1 Qe7 15. b3 Rfd8 16. Bb2 Rxd1+ 17. Rxd1 Rd8 18. Rxd8+ Qxd8 19. Bf3 h6 20. h4 Bb6 21. a4 Bxc4 22. Qxc4 Qd2 23. Qc3 Ba5 24. Qxd2 Bxd2 25. Kf1 Nd7 26. Ke2 Bb4 27. Kd3 Be1 28. Bc6 Nb8 29. Bg2 Nd7 30. Ke2 Bb4 31. Kd3 Be1 32. f4 Bxg3 33. b4 Bxh4 34. Bd4 Be7 35. Kc4 Nb6+ 36. Kb3 f6 37. a5 Kf7 38. axb6 axb6 39. Bf3 c5 40. bxc5 bxc5 41. Bc3 g5 42. Bh5+ Kf8 43. Kc4 gxf4 44. e4 Kg7 45. Kb5 Bd6 46. Kc6 Be5 47. Bxe5 fxe5 48. Kxc5 Kf6 49. Kd6 Kg5 50. Be2 f3 51. Bxf3 Kf4 52. Bg2 Kg3 53. Bh1 Kf4 54. Kxe6 h5 55. Kd5 h4 56. Bg2 Kg3 57. Bf1 1-0

[Event "Cracovia Festival-A 2023"]
[Site "Krakow"]
[Date "2023.12.29"]
[Round "3.20"]
[White "Skytte, Rasmus"]
[Black "Fodor, Balazs"]
[Result "1/2-1/2"]
[ECO "D10"]
[WhiteElo "2337"]
[BlackElo "2225"]
[Annotator "ChessBase"]
[PlyCount "97"]
[EventDate "2023.12.24"]
[EventType "swiss"]
[EventCountry "POL"]
[SourceTitle "playchess.com"]
[Source "ChessBase"]
[SourceQuality "1"]
[TimeControl "40/5400+30:1800+30"]

1. d4 d5 2. c4 c6 3. cxd5 cxd5 4. Bf4 Nc6 5. e3 Nf6 6. Nc3 a6 7. Bd3 Bg4 8. Nge2 e6 9. O-O Bd6 10. Qb3 O-O 11. Bxd6 Qxd6 12. Ng3 b5 13. h3 Bh5 14. Nxh5 Nxh5 15. a4 b4 16. Nb1 Na5 17. Qd1 Nf6 18. Nd2 Rfc8 19. Qe2 Qb6 20. Rac1 Rxc1 21. Rxc1 g6 22. Qf3 Ne8 23. h4 Qd8 24. h5 Rc8 25. Qd1 Rxc1 26. Qxc1 Qc7 27. Qxc7 Nxc7 28. h6 Kf8 29. g4 f6 30. f4 Kf7 31. Kf2 Nc6 32. Nf3 Kf8 33. Ke2 f5 34. g5 Ke7 35. Kd1 Kf8 36. Kc2 a5 37. Nd2 Nd8 38. Nf3 Nf7 39. Kb3 Ke7 40. Bb5 Kd8 41. Be2 Ne8 42. Kc2 Kc7 43. Nd2 Nfd6 44. Nb3 Nb7 45. Ba6 Ned6 46. Bxb7 Nxb7 47. Nc1 Nd8 48. Nd3 Kd6 49. Ne5 1/2-1/2

[Event "Cracovia Festival-A 2023"]
[Site "Krakow"]
[Date "2023.12.29"]
[Round "3.21"]
[White "Mirski, Stanislaw"]
[Black "Lewicki, Miroslaw"]
[Result "0-1"]
[ECO "A46"]
[WhiteElo "2187"]
[BlackElo "2321"]
[Annotator "ChessBase"]
[PlyCount "138"]
[EventDate "2023.12.24"]
[EventType "swiss"]
[EventCountry "POL"]
[SourceTitle "playchess.com"]
[Source "ChessBase"]
[SourceQuality "1"]
[TimeControl "40/5400+30:1800+30"]

1. d4 Nf6 2. Nf3 e6 3. g3 c5 4. Bg2 Nc6 5. O-O d5 6. c4 dxc4 7. Qa4 cxd4 8. Nxd4 Qxd4 9. Bxc6+ bxc6 10. Qxc6+ Qd7 11. Qxa8 Bc5 12. Nc3 O-O 13. Qf3 Bb7 14. e4 Bb4 15. Qd1 Qc7 16. f3 Qb6+ 17. Kg2 Rd8 18. Qe2 Rd3 19. Bg5 Nd7 20. Rad1 f6 21. Bd2 Be7 22. Be1 Ne5 23. Bf2 Qa5 24. Bd4 Nc6 25. Be3 Ba6 26. Qf2 Qc7 27. Rxd3 cxd3 28. Rd1 g5 29. a4 Bc4 30. Bc5 Ne5 31. Bxe7 Qxe7 32. f4 gxf4 33. gxf4 Ng6 34. b3 Ba6 35. Nb5 Bb7 36. Qxa7 Bxe4+ 37. Kf2 Qb4 38. Qb8+ Nf8 39. Qd8 Qxb3 40. Rd2 Qxa4 41. Nd4 Qc4 42. Ke3 f5 43. Qg5+ Kf7 44. Qh5+ Ke7 45. Qh4+ Kd7 46. Rd1 Qc3 47. Rd2 Qc1 48. Nb3 Qa3 49. Nd4 Qa1 50. Rxd3 Qg1+ 51. Kd2 Bxd3 52. Kxd3 Qd1+ 53. Ke3 Qc1+ 54. Kd3 Qb1+ 55. Kd2 Qe4 56. Ne2 Qb4+ 57. Kd3 Qe4+ 58. Kd2 Qb4+ 59. Kd3 Qa3+ 60. Kd2 Qb2+ 61. Kd3 Qg7 62. Qf2 Ke8 63. Qb6 Qg2 64. Qb8+ Kf7 65. Nd4 Qxh2 66. Nc6 Qg3+ 67. Kc4 Ng6 68. Qa7+ Kg8 69. Qb8+ Kg7 0-1

[Event "Cracovia Festival-A 2023"]
[Site "Krakow"]
[Date "2023.12.29"]
[Round "3.22"]
[White "Vasynda, Oleksandr"]
[Black "Berin, Artem"]
[Result "1-0"]
[ECO "A46"]
[WhiteElo "2153"]
[BlackElo "2321"]
[Annotator "ChessBase"]
[PlyCount "161"]
[EventDate "2023.12.24"]
[EventType "swiss"]
[EventCountry "POL"]
[SourceTitle "playchess.com"]
[Source "ChessBase"]
[SourceQuality "1"]
[TimeControl "40/5400+30:1800+30"]

1. d4 Nf6 2. Nf3 e6 3. Bf4 b6 4. Nbd2 Bb7 5. e3 Be7 6. Bd3 c5 7. c3 cxd4 8. cxd4 Nc6 9. a3 d6 10. Qe2 O-O 11. e4 e5 12. dxe5 Nh5 13. Be3 dxe5 14. O-O Bf6 15. Rfd1 Qe7 16. Nc4 Rfe8 17. g3 g6 18. Bd2 Rad8 19. b4 Nd4 20. Nxd4 exd4 21. f3 Bg7 22. Qf1 Rc8 23. Rdc1 Qe6 24. Qd1 f5 25. exf5 gxf5 26. Nb2 Bd5 27. Rxc8 Rxc8 28. Rc1 Rc3 29. Kg2 Rxa3 30. Qc2 Ra2 31. Re1 Qd7 32. Bxf5 Rxb2 33. Bxh7+ Kh8 34. Qxb2 Kxh7 35. Qc2+ Kh8 36. Qg6 Bf7 37. Qg5 Nf6 38. Qh4+ Kg8 39. Bh6 Qd5 40. Bg5 Nh7 41. Bh6 Bxh6 42. Qxh6 Ng5 43. Qf6 Qa2+ 44. Kg1 Qd2 45. Re7 Qc1+ 46. Kg2 Qc2+ 47. Kh1 Qg6 48. Qxd4 Nxf3 49. Qd8+ Kg7 50. Rxa7 Qb1+ 51. Kg2 Qf5 52. Qxb6 Ne1+ 53. Kg1 Nf3+ 54. Kg2 Qe4 55. Rxf7+ Kxf7 56. Qf2 Ke7 57. Qxf3 Qc2+ 58. Kf1 Qb1+ 59. Kf2 Qxb4 60. Qe3+ Kd7 61. h4 Qb2+ 62. Kf3 Qf6+ 63. Kg4 Qg6+ 64. Qg5 Qe4+ 65. Qf4 Qg6+ 66. Kh3 Ke8 67. Qe5+ Kf7 68. h5 Qb1 69. Qf4+ Ke6 70. Qg4+ Ke5 71. Qg5+ Kd4 72. Qf4+ Kd5 73. Kg4 Ke6 74. Kg5 Qb5+ 75. Kh6 Qd3 76. g4 Qd1 77. g5 Qa1 78. Qe4+ Kd7 79. Qf5+ Kc7 80. Qf7+ Kc8 81. Qf8+ 1-0